 Dungeon Crawl Stone Soup version 0.30-a0-830-gfe289a77b0 (webtiles) character file.

Game seed: 2274627488307066317

20307 Zonian the Grappler (level 12, -7/93 HPs)
             Began as a Vine Stalker Transmuter on Feb 28, 2023.
             Was a High Priest of Uskayaw.
             Mangled by a hog (9 damage)
             ... led by Kirke
             ... on level 3 of the Lair of Beasts on Mar 1, 2023.
             The game lasted 00:43:57 (12114 turns).

Zonian the Grappler (Vine Stalker Transmuter)      Turns: 12114, Time: 00:43:57

Health: -7/93      AC:  7    Str: 22    XL:     12   Next: 78%
Magic:  0/35       EV: 12    Int: 13    God:    Uskayaw [*****.]
Gold:   620        SH:  8    Dex: 14    Spells: 18/29 levels left

rFire   x . .      SeeInvis .      - Unarmed
rCold   + . .      Faith    .    v - +0 buckler
rNeg    . . .      Spirit   +    D - +1 leather armour {rPois}
rPois   +          Reflect  +    (helmet currently unavailable)
rElec   +          Harm     .    L - +0 cloak
rCorr   .          Rampage  .    h - +1 pair of gloves
Will    +++..                    (boots currently unavailable) Stlth
                                 d - amulet of reflection
HPRegen 1.15/turn                E - ring of Xely {Ice rElec Will++ Str+3}
MPRegen 0.24/turn                A - ring of magical power

@: berserking, appendages, wereblooded, very quick
A: horns 2, talons 2, fangs 3, regeneration 1, magic shield, antimagic bite, no
potion heal 2
a: End Transformation, Renounce Religion, Stomp, Line Pass, Grand Finale


You were on level 3 of the Lair of Beasts.
You worshipped Uskayaw.
Uskayaw was noncommittal.
You had temporarily grown beastly horns and talons.
You visited 3 branches of the dungeon, and saw 13 of its levels.

You collected 785 gold pieces.
You spent 165 gold pieces at shops.

Inventory:

Hand Weapons
 q - a +5 short sword of freezing
 K - the +11 sling of Dosos {drain, rN+ Stlth+}
   (You found it on level 8 of the Dungeon)

   rN:        It protects you from negative energy.
   Stlth:     It makes you more stealthy.
Missiles
 j - 11 atropa-tipped darts
 m - 23 poisoned darts
 t - 2 javelins
 u - 11 boomerangs
Armour
 a - a +0 robe
 h - a +1 pair of gloves (worn)
 s - a +0 helmet (melded)
 v - a +0 buckler (worn)
 y - +0 steam dragon scales
 C - a +0 troll leather armour
 D - a +1 leather armour of poison resistance (worn)
 L - a +0 cloak (worn)
Jewellery
 b - an amulet of regeneration
 d - an amulet of reflection (around neck)
 f - a ring of flight
 n - an amulet of magic regeneration
 A - a ring of magical power (right hand)
 E - the ring of Xely (left hand) {Ice rElec Will++ Str+3}
   (You found it on level 8 of the Dungeon)

   [ring of ice]

   It enhances your ice magic.
   Str:       It affects your strength (+3).
   rF:        It makes you vulnerable to fire.
   rC:        It protects you from cold.
   rElec:     It insulates you from electricity.
   Will:      It greatly increases your willpower.
 G - a ring of protection from cold
 I - a ring of magical power
Wands
 o - a wand of flame (16)
 r - a wand of paralysis (2)
 w - a wand of mindburst (4)
 x - a wand of polymorph (3)
 H - a wand of roots (6)
Scrolls
 e - 2 scrolls of enchant weapon
 p - a scroll of amnesia
 F - 2 scrolls of teleportation
Potions
 c - 2 potions of cancellation
 g - a potion of flight
 i - 4 potions of heal wounds
 k - 5 potions of brilliance
 l - 11 potions of curing
 B - a potion of resistance {unknown}
 J - a potion of haste
 M - a potion of might


   Skills:
 + Level 6.7 Fighting
 - Level 4.1 Dodging
 - Level 5.9 Stealth
 + Level 11.9 Unarmed Combat
 - Level 9.4 Spellcasting
 + Level 11.6 Transmutations


You had 18 spell levels left.
You knew the following spells:

 Your Spells              Type           Power      Damage    Failure   Level
a - Beastly Appendage     Tmut           72%        N/A       1%          1
b - Wereblood             Tmut           36%        N/A       1%          2
c - Blade Hands           Tmut           18%        N/A       4%          5
d - Spider Form           Tmut/Pois      21%        N/A       5%          3

Your spell library contained the following spells:

 Spells                   Type           Power      Damage    Failure   Level
 Ignite Poison            Fire/Tmut/Pois 16%        N/A       12%         3
 Ice Form                 Ice/Tmut       31%        N/A       17%         4
 Static Discharge         Conj/Air       12%        2-3/arc   28%         2
 Call Canine Familiar     Summ           6%         N/A       50%         3
 Dazzling Flash           Conj/Hex       12%        N/A       50%         3
 Kindle Blastsparks       Fire/Tloc/Air  12%        2d11      50%         3
 Portal Projectile        Hex/Tloc       12%        N/A       50%         3
 Vhi's Electric Charge    Tloc/Air       12%        N/A       50%         3
 Animate Armour           Summ/Erth      12%        N/A       88%         4
 Iskenderun's Mystic Bla  Conj/Tloc      6%         2d4       88%         4
 Leda's Liquefaction      Hex/Erth       3%         N/A       88%         4
 Sticky Flame             Conj/Fire      6%         2d3       88%         4
 Arcjolt                  Conj/Air       3%         1d13      99%         5
 Freezing Cloud           Conj/Ice/Air   4%         6-21      99%         5
 Lightning Bolt           Conj/Air       3%         1d14      99%         5
 Iron Shot                Conj/Erth      3%         9d2       100%        6
 Starburst                Conj/Fire      3%         6d3       100%        6
 Ignition                 Fire           3%         3d4       100%        8


Dungeon Overview and Level Annotations

Branches:
Dungeon (9/15)             Temple (1/1) D:5            Lair (3/5) D:8
 Shoals (0/4) Lair:2        Snake (0/4) Lair:2
    Orc: D:9-12

Altars:
Ashenzari
Cheibriados
Dithmenos
Elyvilon
Fedhas
Gozag
Hepliaklqana
Kikubaaqudgha
Makhleb
Nemelex Xobeh
Okawaru
Qazlal
Ru
Sif Muna
Trog
Uskayaw
Vehumet
Wu Jian
Xom
Yredelemnul
Zin
The Shining One

Shops:
D:8 [

Annotations:
Lair:2 Gastronok
Lair:3 Kirke


Innate Abilities, Weirdness & Mutations

You have temporarily grown beastly horns and talons.
You have razor-sharp teeth.
Your natural rate of healing is unusually fast.
When hurt, damage is shared between your health and your magic reserves.
Your bite disrupts and absorbs the magic of your enemies.
Potions cannot restore your health.


Message History

The yak bellows!
Kirke is no longer sharing her pain.
The hog is no longer sharing its pain.
Kirke hits you but does no damage.
A yak comes into view.
The yak moves out of view.
You hit Kirke. Your kick misses Kirke.
Kirke is lightly wounded.
The hog is no longer sharing its pain. x2
The hog bites you but does no damage.
Kirke points at you and mumbles some strange words.
You resist with almost no effort.
You barely miss Kirke. Your kick misses Kirke. Your headbutt misses Kirke.
You bite Kirke!
Kirke's magic leaks into the air.
You drain her magic.
Kirke is lightly wounded.
The lindwurm breathes flames at you. The blast of flame hits you!!!
The fire burns you terribly! The hog bites you!
The hog bites you but does no damage.
You pummel Kirke!! Your kick misses Kirke. Your headbutt misses Kirke.
Kirke is moderately wounded.
You block Kirke's attack. You block the hog's attack.
The hog barely misses you. The lindwurm misses you.
The lindwurm barely misses you. The lindwurm claws you.
You can now merge with and destroy a victim.
You barely miss Kirke. You claw Kirke. You bite Kirke!
Kirke's magic leaks into the air.
You drain her magic.
You feel invigorated.
Kirke is heavily wounded.
Kirke falters for a moment.
The hog bites you! x2; The lindwurm bites you!
* * * LOW HITPOINT WARNING * * *
You block the lindwurm's attack. The lindwurm claws you!
* * * LOW HITPOINT WARNING * * *
The hog bites you!
* * * LOW HITPOINT WARNING * * *
Unknown command.
Okay, then.
Okay, then.
Okay, then.
Okay, then.
A red film seems to cover your vision as you go berserk!
You feel yourself moving faster!
You feel mighty! The hog bites you!
You die...

.....P..###..##
P###.##......# ##
####.....## . ##
##....# ##.... .#
##....### #.#Y..h ##
##P....).## .#Y....
##.........# ##Y.Y....
#...####...###hY...>.$
##..## ##..†.@@hY.....
#..## ##..hkh.......
#..# #.......#.## #..#
#.........# #.†##
###......## #†#.#
#........# #..##
#.......... ##...#
............ #....#
#............


You could see Kirke (magic disrupted), a lindwurm (summoned, catching breath), 6
yaks and 4 hogs.

Vanquished Creatures
  A hydra (Lair:3)
  A centaur warrior (D:8)
  A boulder beetle (D:7)
  A skyshark (Lair:2)
  Pikel (D:4)
  2 deep elf pyromancers
  10 elephants
  2 black mambas (Lair:2)
  3 cane toads
  4 komodo dragons
  A rime drake (Lair:2)
  3 trolls
  A hornet (D:8)
  3 blink frogs (Lair:3)
  6 yaks (Lair:3)
  3 wyverns
  3 hogs (Lair:3)
  A basilisk (Lair:1)
  A vampire mosquito (D:7)
  5 steam dragons
  Grum (D:8)
  7 water moccasins
  6 ice beasts
  3 orc warriors
  3 sky beasts
  2 black bears
  2 ogres
  10 wolves
  3 centaurs
  A phantom (D:5)
  3 kobold brigands
  9 bullfrogs
  A gnoll sergeant (D:8)
  2 scorpions
  6 wights
  14 killer bees
  A howler monkey (D:8)
  6 hounds
  3 jellies
  3 orc priests
  3 gnoll boudas
  3 iguanas
  Natasha (thrice) (D:2)
  9 orc wizards
  11 gnolls
  3 adders
  2 white imps
  3 dart slugs
  25 orcs
  3 bats (D:1)
  2 endoplasms (D:2)
  2 giant cockroaches
  3 goblins (D:1)
  6 hobgoblins
  6 jackals (D:1)
  19 kobolds
  3 quokkas (D:2)
  7 ball pythons
  4 frilled lizards
  3 rats
259 creatures vanquished.

Vanquished Creatures (collateral kills)
  A black bear (D:7)
  An orc wizard (D:7)
2 creatures vanquished.

Vanquished Creatures (others)
  A gnoll (D:7)
  An orc (D:7)
  3 fungi
  56 plants
61 creatures vanquished.

Grand Total: 322 creatures vanquished

Notes
Turn   | Place    | Note
-------+----------+-------------------------------------------
     0 | D:1      | Zonian the Vine Stalker Transmuter began the quest for the
                  | Orb.
     0 | D:1      | Reached XP level 1. HP: 9/9 MP: 4/4
    57 | D:1      | Reached skill level 1 in Fighting
    69 | D:1      | Reached XP level 2. HP: 10/14 MP: 6/6
   343 | D:1      | Reached XP level 3. HP: 18/18 MP: 5/7
   685 | D:2      | Found a faded altar of an unknown god.
   756 | D:2      | Noticed Natasha
   770 | D:2      | Killed Natasha
   771 | D:2      | Gained mutation: Your natural rate of healing is unusually
                  | fast. [Vine Stalker growth]
   771 | D:2      | Reached XP level 4. HP: 1/23 MP: 0/9
  1074 | D:2      | Identified a scroll of acquirement
  1074 | D:2      | Acquired an amulet of reflection
  1337 | D:2      | Noticed Natasha
  1361 | D:2      | Killed Natasha
  1698 | D:2      | Noticed Natasha
  1705 | D:2      | Killed Natasha
  1706 | D:2      | Reached XP level 5. HP: 24/26 MP: 8/10
  2419 | D:4      | Noticed an ogre
  2425 | D:4      | Killed an ogre
  2426 | D:4      | Reached XP level 6. HP: 30/30 MP: 12/12
  2481 | D:4      | Noticed Pikel
  2515 | D:4      | Killed Pikel
  2516 | D:4      | Reached skill level 5 in Unarmed Combat
  2516 | D:4      | Reached skill level 5 in Spellcasting
  2516 | D:4      | Reached XP level 7. HP: 11/35 MP: 6/15
  3036 | D:4      | Reached skill level 5 in Transmutations
  3344 | D:5      | Entered Level 5 of the Dungeon
  3358 | D:5      | Gained mutation: You have razor-sharp teeth. [Vine Stalker
                  | growth]
  3358 | D:5      | Reached XP level 8. HP: 33/39 MP: 13/17
  3390 | D:5      | Found a staircase to the Ecumenical Temple.
  3402 | Temple   | Entered the Ecumenical Temple
  3602 | Temple   | Became a worshipper of Uskayaw the Reveller
  3648 | D:5      | Reached * piety under Uskayaw
  3687 | D:5      | Reached ** piety under Uskayaw
  3980 | D:5      | Learned a level 2 spell: Wereblood
  4134 | D:6      | Found a broken altar of Ashenzari.
  4148 | D:6      | Found a shadowy altar of Dithmenos.
  4158 | D:6      | Reached *** piety under Uskayaw
  4160 | D:6      | Found a sacrificial altar of Ru.
  4510 | D:6      | You are sucked into a shaft and drop 3 floors!
  4587 | D:9      | Reached XP level 9. HP: 29/42 MP: 10/20
  4588 | D:9      | Reached **** piety under Uskayaw
  4770 | D:9      | Reached ***** piety under Uskayaw
  4784 | D:9      | Reached ****** piety under Uskayaw
  4901 | D:9      | Noticed a troll
  4909 | D:9      | Killed a troll
  5310 | D:7      | Reached XP level 10. HP: 46/46 MP: 23/23
  6078 | D:7      | Noticed a deep elf pyromancer
  6161 | D:7      | Noticed a boulder beetle
  6178 | D:7      | Killed a deep elf pyromancer
  6204 | D:7      | Killed a boulder beetle
  6386 | D:7      | Learned a level 5 spell: Blade Hands
  6477 | D:8      | Found Ququch's Armour Boutique.
  6484 | D:8      | Bought a +1 leather armour of poison resistance for 165
                  | gold pieces
  6497 | D:8      | Noticed a deep elf pyromancer
  6509 | D:8      | Killed a deep elf pyromancer
  6510 | D:8      | Reached skill level 1 in Stealth
  6610 | D:8      | Paralysed by a hornet for 1 turns
  6618 | D:8      | Reached XP level 11. HP: 35/51 MP: 19/25
  6807 | D:8      | Identified the ring of Xely {Ice rElec Will++ Str+3}
  6918 | D:8      | Noticed Grum
  6937 | D:8      | Killed Grum
  7161 | D:8      | Found a staircase to the Lair.
  7324 | D:8      | Reached skill level 10 in Unarmed Combat
  7371 | D:8      | Noticed a centaur warrior
  7382 | D:8      | Killed a centaur warrior
  8012 | D:8      | Found an opulent altar of Gozag.
  8013 | D:8      | Found a snail-covered altar of Cheibriados.
  8015 | D:8      | Found an ornate altar of the Wu Jian Council.
  8016 | D:8      | Found a glowing silver altar of Zin.
  8029 | D:8      | Identified the +11 sling of Dosos {drain, rN+ Stlth+}
  8195 | D:8      | Learned a level 3 spell: Spider Form
  8195 | D:8      | Upgraded the game from 0.30-a0-824-g6c64550be9 to
                  | 0.30-a0-830-gfe289a77b0
  8259 | D:9      | Reached skill level 10 in Transmutations
  8665 | Lair:1   | Entered Level 1 of the Lair of Beasts
  9405 | Lair:1   | Reached skill level 5 in Stealth
  9729 | Lair:1   | HP: 2/54 [elephant (9)]
 10434 | Lair:2   | Noticed a skyshark
 10549 | Lair:2   | Reached XP level 12. HP: 55/58 MP: 26/26
 10579 | Lair:2   | Noticed a skyshark
 10618 | Lair:2   | Found a staircase to the Snake Pit.
 10627 | Lair:2   | Reached skill level 5 in Fighting
 10915 | Lair:2   | Killed a skyshark
 10962 | Lair:2   | Found a staircase to the Shoals.
 11188 | Lair:2   | Noticed Gastronok
 11348 | Lair:3   | Noticed a five-headed hydra
 11360 | Lair:3   | Killed a five-headed hydra
 11549 | Lair:3   | Found a dark tunnel.
 12102 | Lair:3   | Noticed Kirke
 12113 | Lair:3   | HP: 1/62 [hog[Kirke] (7)]
 12114 | Lair:3   | Mangled by a hog

Illustrated notes

Levels and vault maps discovered:
D:1:      lemuel_arrival_broad_hall, layout_rooms
D:2:      layout_basic, shapermc_ecumenical_altar_starsandcircs,
          nicolae_concentric_dashed_squares_wild, uniq_natasha
D:3:      layout_basic
D:4:      layout_rooms, serial_bayou, serial_bayou_pond_e,
          serial_bayou_crossing, serial_bayou_pond_c, serial_bayou_lagoon_a,
          uniq_pikel
D:5:      black_bear_nest_2, layout_rooms, minmay_temple_entry_junction_2
D:6:      layout_cave_pods, grunt_temple_overflow_open, uniq_blork_the_orc
D:7:      minmay_chambers_of_sevens, layout_loops_ring, st_stairs_9
D:8:      wad_guarded_room, layout_cave_pools,
          chequers_temple_overflow_statue_of_worship, serial_shops, shop,
          uniq_grum
D:9:      cheibrodos_steamvent, layout_cave_pools, kennysheep_another_room
Temple:   eino_wide_crystal_templ
Lair:1:   layout_cave_pods
Lair:2:   layout_cave_pods, elwin_shoals_entry_rooms,
          minmay_snake_entry_six_corridors, grunt_forest_large_clearing_hut,
          uniq_gastronok
Lair:3:   layout_layer_cave, nicolae_volcano_entry_hallway,
          chequers_serial_rivers_room_b, uniq_kirke

Skill      XL: |  1  2  3  4  5  6  7  8  9 10 11 12 |
---------------+-------------------------------------+-----
Fighting       | 1 2 4 6 |  6.7
Spellcasting   | 3 5 6 8 9 |  9.4
Transmutations | 3 4 5 6 8 9 10 11 | 11.6
Unarmed Combat | 4 5 7 8 9 10 11 | 11.9
Stealth        | 1 5 |  5.9
Dodging        | 2 4 |  4.1

Action                     |  1- 3 |  4- 6 |  7- 9 | 10-12 || total
---------------------------+-------+-------+-------+-------++-------
  Melee: Unarmed           |    61 |    79 |   204 |   573 ||   917
         Kick              |     9 |    18 |    22 |   128 ||   177
         Bite              |    10 |    20 |    53 |   193 ||   276
         Headbutt          |     7 |     7 |    17 |    87 ||   118
         Punch             |       |     2 |     2 |       ||     4
  Throw: Dart              |       |       |     6 |     3 ||     9
         Javelin           |       |       |       |     5 ||     5
   Cast: Beastly Appendage |    14 |    19 |    16 |    27 ||    76
         Wereblood         |       |       |       |    13 ||    13
 Invoke: Line Pass         |       |       |       |     1 ||     1
  Evoke: Wand              |       |     5 |     3 |    14 ||    22
    Use: Scroll            |       |     8 |     5 |    12 ||    25
         Potion            |       |       |     2 |     3 ||     5
   Stab: Sleeping          |     1 |       |       |     2 ||     3
         Paralysed         |       |       |     8 |    38 ||    46
         Distracted        |       |       |       |     1 ||     1
         Confused          |       |       |       |     1 ||     1
 Armour: Robe              |    12 |    11 |    23 |       ||    46
         Skin              |       |       |    59 |       ||    59
         Steam dragon scal |       |       |    15 |    19 ||    34
         Leather armour    |       |       |       |    82 ||    82
  Dodge: Dodged            |    34 |    22 |    86 |   241 ||   383
  Block: Other             |       |    17 |     6 |       ||    23
         Reflection        |       |     1 |     1 |       ||     2
         Buckler           |       |       |    86 |   237 ||   323

Table legend: (Time is in decaauts)
 A = Elapsed time spent in this place.
 B = Non-inter-level travel time spent in this place.
 C = Inter-level travel time spent in this place.
 D = Time resting spent in this place.
 E = Time spent auto-exploring this place.
 F = Levels seen in this place.
 G = Mean time per level.
                   A        B        C        D        E       F      G
               +--------+--------+--------+--------+--------+-----+--------+
         Total |  12023 |  11722 |    301 |   3793 |   4052 |  13 |  924.8 |
       Dungeon |   8685 |   8430 |    255 |   3025 |   3048 |   9 |  965.0 |
        Temple |    212 |    200 |     12 |    143 |     29 |   1 |  212.0 |
          Lair |   3125 |   3091 |     34 |    625 |    975 |   3 | 1041.7 |
               +--------+--------+--------+--------+--------+-----+--------+

Top non-repeatable levels by time:
     D:8: 2116 daAuts
  Lair:1: 1398 daAuts
     D:7: 1244 daAuts
     D:2: 1136 daAuts
     D:9: 1044 daAuts
  Lair:2: 1033 daAuts
     D:4: 1002 daAuts
  Lair:3: 694 daAuts
     D:3: 600 daAuts
     D:1: 594 daAuts
     D:5: 517 daAuts
     D:6: 430 daAuts
  Temple: 212 daAuts
